 Dungeon Crawl Stone Soup version 0.21-a0-578-gc6e9d75 (webtiles) character file.

78549 polly the Bludgeoner (level 15, 0/122 HPs)
             Began as a Demonspawn Berserker on Dec 18, 2017.
             Was a High Priest of Trog.
             Slain by a two-headed ogre
             ... wielding a +0 giant club
              (16 damage)
             ... on level 2 of the Orcish Mines.
             The game lasted 00:47:54 (20584 turns).

polly the Bludgeoner (Demonspawn Berserker)        Turns: 20584, Time: 00:47:55

Health: 0/122      AC: 24    Str: 21    XL:     15   Next: 18%
Magic:  0/15       EV: 10    Int:  8    God:    Trog [*****.]
Gold:   2192       SH:  8    Dex: 23    Spells: 14/14 levels left

rFire    + . .     SeeInvis .   O - +10 morningstar "Eos" {elec, Halo rElec}
rCold    + . .     Gourm    .   r - +0 buckler
rNeg     . . .     Faith    +   Y - +0 plate armour {rF+}
rPois    .         Spirit   +   H - +0 hat
rElec    +         Reflect  .   K - +2 cloak {+Inv}
rCorr    .         Harm     .   J - +0 pair of gloves
MR       +....                  (no boots)
Stlth    ..........             x - amulet of Aleliute {Faith *Slow +Inv rElec Str+3}
HPRegen  0.30/turn              C - +2 ring of slaying
MPRegen  0.28/turn              B - +4 ring of protection

@: berserk cooldown, slowed, glowing, very slow
A: talons 2, thin skeletal structure 2, cold resistance 1, augmentation 1, magic
shield, magic regeneration, freezing cloud immunity
a: Berserk, Trog's Hand, Brothers in Arms, Burn Spellbooks, Renounce Religion,
Evoke Invisibility


You were on level 2 of the Orcish Mines.
You worshipped Trog.
Trog was extremely pleased with you.
You were not hungry.

You visited 3 branches of the dungeon, and saw 21 of its levels.
You also visited: Bailey and Volcano.

You collected 2588 gold pieces.
You spent 396 gold pieces at shops.

Inventory:

Hand Weapons
 O - the +10 morningstar "Eos" (weapon) {elec, Halo rElec}
   (Trog gifted it to you on level 12 of the Dungeon)

   Occasionally, upon striking a foe, it will discharge some electrical energy
   and cause terrible harm.
   It insulates you from electricity.
 V - a +0 demon whip of venom
Missiles
 k - 23 tomahawks of returning (quivered)
 S - a throwing net
Armour
 r - a +0 buckler (worn)
 A - a +0 cloak of magic resistance
 H - a +0 hat (worn)
 J - a +0 pair of gloves (worn)
 K - a +2 cloak of invisibility (worn)
 Y - a +0 plate armour of fire resistance (worn)
Jewellery
 j - an uncursed amulet of regeneration
 x - the amulet of Aleliute (around neck) {Faith *Slow +Inv rElec Str+3}
   (You found it on level 6 of the Lair of Beasts)

   [amulet of faith]

   It allows you to gain divine favour quickly.
   It affects your strength (+3).
   It insulates you from electricity.
   It lets you turn invisible.
   It may slow you when you take damage.
 B - a +4 ring of protection (right hand)
 C - a +2 ring of slaying (left hand)
 D - an uncursed ring of protection from cold
 P - an uncursed ring of protection from fire
 R - an uncursed ring of protection from magic
Wands
 u - a wand of clouds (3)
 v - a wand of digging (19)
 E - a wand of disintegration (40)
Scrolls
 d - a scroll of fear {unknown}
 e - 4 scrolls of fog {unknown}
 g - 8 scrolls of remove curse
 h - 5 scrolls of magic mapping {unknown}
 l - 6 scrolls of enchant weapon
 m - 2 scrolls of blinking {unknown}
 n - 3 scrolls of enchant armour
 t - 11 scrolls of teleportation
 y - 3 scrolls of vulnerability {unknown}
 z - 2 scrolls of noise {unknown}
 I - a scroll of torment {unknown}
 L - 2 scrolls of immolation
 Q - a scroll of summoning
 T - 2 scrolls of holy word {unknown}
 U - a scroll of random uselessness {unknown}
 X - 2 scrolls of acquirement {unknown}
 Z - a scroll of brand weapon {unknown}
Potions
 a - a potion of haste
 b - 3 potions of curing
 o - 6 potions of flight
 p - 2 potions of might
 q - a potion of resistance
 G - 5 potions of berserk rage
 M - a potion of experience {unknown}
 N - a potion of brilliance
 W - a potion of agility {unknown}
Miscellaneous
 f - a lightning rod (4/4)
 i - a sack of spiders
 s - a box of beasts
 w - a lamp of fire
Comestibles
 c - 29 rations


   Skills:
 + Level 12.6 Fighting
 + Level 15.2 Maces & Flails
 + Level 2.5 Throwing
 + Level 11.8 Armour
 + Level 4.8 Dodging
 + Level 3.0 Stealth
 + Level 9.7 Shields


You had 14 spell levels left.
You didn't know any spells.

Dungeon Overview and Level Annotations

Branches:
Dungeon (13/15) Temple (0/1) D:5 Lair (6/6) D:9 Shoals (0/4) Lair:2 Spider (0/4) Lair:3 Slime (0/5) Lair:6 Orc (2/2) D:11 Elf (0/3) Orc:2 Vaults (0/5) D:12 D:13

Altars:
Ashenzari
Cheibriados
Dithmenos
Elyvilon
Hepliaklqana
Kikubaaqudgha
Makhleb
Qazlal
Sif Muna
Trog
Wu Jian
Yredelemnul
Zin
Beogh
Jiyva

Shops:
D:4 =   D:5 %


Innate Abilities, Weirdness & Mutations

You have razor-sharp toenails.
You have a moderately thin skeletal structure. (Dex +4, Stealth+)
Your flesh is cold resistant. (rC+)
Your magical and physical power is slightly enhanced at high health.
When hurt, damage is shared between your health and your magic reserves.
You regenerate magic rapidly.
You are immune to freezing clouds.


Message History

Evoke which item? (* to show all) (? for menu, Esc to quit)
You open the lid... ...and a larval weirdsting beast leaps out!
The two-headed ogre closely misses you.
You block the two-headed ogre's attack. x2
The two-headed ogre hits you but does no damage.
That item cannot be evoked!
There's nothing to close nearby.
Evoke which item? (* to show all) (? for menu, Esc to quit)
You reach into the bag... ...but nothing happens.
The two-headed ogre barely misses you. You block the two-headed ogre's attack.
The ogre hits you with a giant club.
* * * LOW HITPOINT WARNING * * *
You block the two-headed ogre's attack. The two-headed ogre closely misses you.
The two-headed ogre hits you with a giant spiked club!
* * * LOW HITPOINT WARNING * * *
The two-headed ogre hits you but does no damage.
Your larval weirdsting beast completely misses the two-headed ogre.
Your larval weirdsting beast stings the two-headed ogre.
The two-headed ogre hits you with a giant club!!
You die...

....... .....
.........................
........................#
......................##
...............##.....#
#.....................##
#...........).........#
#..)))OOO...))....#..##
#)))))OO@..$)..#..#...#
....O.)OO)).OO....#.#.....#
.......O....H..........#.##
.....#...........#....###.##
....##...............#.#...#
..####....................##
#####....................##
................#....#.##
..............#.....####


You could see 5 two-headed ogres, an ogre mage, 4 ogres and a friendly larval
weirdsting beast.

Vanquished Creatures
  2 ogre magi (Orc:2)
  2 hydras (Lair:6)
  2 centaur warriors
  A merfolk avatar (Lair:6)
  The ghost of derath95 the Grappler, a novice TrFi of Okawaru (D:8)
  17 two-headed ogres
  The ghost of mibe the Archer, a novice NaAM of Dithmenos (D:9)
  3 death yaks (Lair:4)
  2 orc high priests (Orc:1)
  Urug (D:10)
  A hell knight (Volcano)
  3 sea snakes (Lair:6)
  2 unseen horrors
  A harpy (Lair:6)
  4 lindwurms (Lair:5)
  A wolf spider zombie (D:11)
  A deep elf mage (D:12)
  3 orc knights
  An orc sorcerer (Orc:2)
  A manticore (D:12)
  2 cyclopes
  Maurice (D:9)
  11 elephants (Lair:6)
  An ugly thing (D:13)
  A centaur zombie (D:10)
  3 black mambas
  A merfolk siren (Lair:2)
  Joseph (D:7)
  2 torpor snails
  13 spiny frogs
  2 gargoyles
  4 rime drakes
  10 komodo dragons
  A yaktaur (Volcano)
  A tengu conjurer (D:12)
  2 trolls
  A wind drake (Lair:6)
  4 polar bears
  11 blink frogs
  A meliai zombie (D:11)
  A hornet (D:12)
  A slime creature (D:12)
  10 dream sheep
  9 hippogriffs
  A redback (Lair:3)
  Sigmund (D:6)
  A spriggan (D:12)
  4 wyverns
  17 humans
  A basilisk (Lair:6)
  37 yaks
  2 hungry ghosts (D:12)
  5 wargs
  18 water moccasins
  16 porcupines
  2 eyes of draining
  2 ice beasts
  23 orc warriors
  4 sky beasts
  2 necrophages
  A phantom (D:9)
  23 ogres
  16 centaurs
  9 wolves
  14 crocodiles
  A big kobold (D:12)
  A gnoll sergeant (D:10)
  20 bullfrogs
  3 scorpions
  12 killer bees
  4 wights (D:9)
  3 howler monkeys
  An electric eel (Lair:1)
  10 crimson imps
  2 bullfrog zombies
  2 jellies
  5 hounds
  2 quasits
  14 orc priests
  3 bullfrog skeletons
  A gnoll shaman (D:7)
  25 orc wizards
  Crazy Yiuf (D:6)
  5 iguanas
  7 worker ants
  A hound skeleton (D:7)
  14 gnolls
  13 adders
  A shadow imp (D:10)
  An adder zombie (D:5)
  An adder skeleton (D:8)
  3 worms
  2 dart slugs
  8 leopard geckos
  79 orcs
  2 ball pythons
  6 giant cockroaches
  10 goblins
  11 hobgoblins
  13 jackals
  7 quokkas
  A ball python zombie (D:6)
  5 bats
  5 frilled lizards
  A giant cockroach zombie (D:5)
  A jackal zombie (D:5)
  29 kobolds
  A leopard gecko skeleton (D:7)
  A quokka skeleton (D:9)
  A quokka zombie (D:5)
  10 rats
692 creatures vanquished.

Vanquished Creatures (collateral kills)
  The ghost of sorrytornado the Cleaver, a novice DsBe of Trog (Bailey)
  2 orc warriors (Bailey)
3 creatures vanquished.

Vanquished Creatures (others)
  2 orcs (D:11)
  47 fungi
  19 plants
68 creatures vanquished.

Grand Total: 763 creatures vanquished

Notes
Turn   | Place    | Note
-------+----------+-------------------------------------------
     0 | D:1      | polly the Demonspawn Berserker began the quest for the Orb.
     0 | D:1      | Reached XP level 1. HP: 18/18 MP: 1/1
    77 | D:1      | Gained mutation: You have a somewhat thin skeletal structure. (Dex +2, Stealth) [demonic ancestry]
    77 | D:1      | Reached XP level 2. HP: 3/24 MP: 2/2
   412 | D:1      | Reached skill level 3 in Maces & Flails
  1085 | D:2      | Gained mutation: Your flesh is cold resistant. (rC+) [demonic ancestry]
  1085 | D:2      | Reached XP level 3. HP: 14/29 MP: 3/3
  1265 | D:2      | Reached ** piety under Trog
  1453 | D:2      | Gained mutation: You have a moderately thin skeletal structure. (Dex +4, Stealth+) [demonic ancestry]
  1453 | D:2      | Reached XP level 4. HP: 16/37 MP: 4/4
  1517 | D:2      | Found an ornate altar of the Wu Jian Council.
  2145 | D:3      | Gained mutation: You have sharp toenails. [demonic ancestry]
  2145 | D:3      | Reached XP level 5. HP: 42/42 MP: 5/5
  2237 | D:3      | Reached skill level 1 in Stealth
  2587 | D:3      | Reached skill level 4 in Maces & Flails
  2732 | D:4      | Reached *** piety under Trog
  2843 | D:4      | Gained mutation: You are immune to freezing clouds. [demonic ancestry]
  2843 | D:4      | Reached XP level 6. HP: 39/48 MP: 6/6
  3304 | D:4      | Found Qesezex's Jewellery Shoppe.
  3390 | D:4      | Found a glowing silver altar of Zin.
  3600 | D:5      | Entered Level 5 of the Dungeon
  3654 | D:5      | HP: 1/49 [centaur (5)]
  3658 | D:5      | Reached XP level 7. HP: 3/55 MP: 7/7
  3995 | D:5      | Found a staircase to the Ecumenical Temple.
  4057 | D:5      | Reached skill level 5 in Maces & Flails
  4057 | D:5      | Reached skill level 1 in Shields
  4131 | D:5      | Found Demept's Food Boutique.
  4388 | D:5      | Reached skill level 5 in Fighting
  4775 | D:6      | Reached XP level 8. HP: 33/62 MP: 8/8
  4910 | D:6      | Reached skill level 6 in Maces & Flails
  5044 | D:6      | Reached **** piety under Trog
  5196 | D:6      | Noticed Sigmund
  5217 | D:6      | Killed Sigmund
  5259 | D:6      | Reached skill level 7 in Maces & Flails
  5544 | D:6      | Found a runed door.
  5658 | D:6      | Noticed Crazy Yiuf
  5664 | D:6      | Killed Crazy Yiuf
  5774 | D:7      | Found a shadowy altar of Dithmenos.
  5872 | D:7      | Found a flagged portal.
  5907 | D:7      | Found a bloodstained altar of Trog.
  5923 | D:7      | Reached skill level 5 in Armour
  6032 | Bailey   | Entered a bailey
  6056 | Bailey   | Noticed sorrytornado's ghost (novice DsBe)
  6084 | Bailey   | Killed sorrytornado's ghost
  6084 | Bailey   | Reached XP level 9. HP: 69/69 MP: 9/9
  6091 | Bailey   | Reached skill level 8 in Maces & Flails
  6236 | Bailey   | Reached ***** piety under Trog
  6413 | D:7      | Noticed Joseph
  6549 | D:4      | Bought a +4 ring of protection for 396 gold pieces
  6655 | D:7      | Reached skill level 1 in Throwing
  6664 | D:7      | Received a gift from Trog
  6688 | D:7      | Killed Joseph
  7284 | D:8      | Received a gift from Trog
  7390 | D:8      | Found a basalt altar of Yredelemnul.
  7549 | D:8      | Found an ancient bone altar of Kikubaaqudgha.
  7559 | D:8      | Noticed derath95's ghost (novice TrFi)
  7593 | D:8      | Killed derath95's ghost
  7593 | D:8      | Reached skill level 9 in Maces & Flails
  7593 | D:8      | Gained mutation: When hurt, damage is shared between your health and your magic reserves. [demonic ancestry]
  7593 | D:8      | Reached XP level 10. HP: 29/77 MP: 10/10
  8000 | D:9      | Found a deep blue altar of Sif Muna.
  8040 | D:9      | Noticed mibe's ghost (novice NaAM)
  8107 | D:9      | Killed mibe's ghost
  8181 | D:9      | Noticed a two-headed ogre
  8191 | D:9      | Killed a two-headed ogre
  8191 | D:9      | Reached skill level 5 in Shields
  8201 | D:9      | Found a snail-covered altar of Cheibriados.
  8232 | D:9      | Found a white marble altar of Elyvilon.
  8233 | D:9      | Found a stormy altar of Qazlal.
  8235 | D:9      | Found a basalt altar of Yredelemnul.
  8235 | D:9      | Noticed Maurice
  8237 | D:9      | Found a hazy altar of Hepliaklqana.
  8237 | D:9      | Found a shattered altar of Ashenzari.
  8239 | D:9      | Found a burning altar of Makhleb.
  8291 | D:9      | Killed Maurice
  8439 | D:9      | Reached skill level 10 in Maces & Flails
  8442 | D:9      | Gained mutation: You regenerate magic rapidly. [demonic ancestry]
  8442 | D:9      | Reached XP level 11. HP: 60/84 MP: 8/11
  8819 | D:9      | Found a staircase to the Lair.
  9015 | D:10     | Entered Level 10 of the Dungeon
  9097 | D:10     | Noticed a two-headed ogre
  9110 | D:10     | Killed a two-headed ogre
  9235 | D:10     | Received a gift from Trog
  9258 | D:10     | Noticed a two-headed ogre
  9271 | D:10     | Killed a two-headed ogre
  9364 | D:10     | Noticed a two-headed ogre
  9391 | D:10     | Killed a two-headed ogre
  9506 | D:10     | Reached skill level 11 in Maces & Flails
  9677 | D:10     | Killed an unseen horror
  9709 | D:10     | Noticed Urug
  9718 | D:10     | Killed Urug
  9793 | D:10     | Found an ancient bone altar of Kikubaaqudgha.
  9968 | D:11     | Noticed a two-headed ogre
  9970 | D:11     | Found a staircase to the Orcish Mines.
  9985 | D:10     | Killed a two-headed ogre
 10268 | D:11     | Reached XP level 12. HP: 90/93 MP: 12/12
 10760 | D:11     | Received a gift from Trog
 11123 | D:12     | Noticed a two-headed ogre
 11138 | D:12     | Killed a two-headed ogre
 11179 | D:12     | Noticed a two-headed ogre
 11196 | D:12     | Killed a two-headed ogre
 11196 | D:12     | Reached skill level 12 in Maces & Flails
 11486 | D:12     | Noticed a two-headed ogre
 11495 | D:12     | Killed a two-headed ogre
 12276 | D:13     | Found a gate to the Vaults.
 12276 | D:13     | Noticed a centaur warrior
 12276 | D:13     | Noticed a two-headed ogre
 12288 | D:12     | Reached skill level 10 in Fighting
 12299 | D:12     | Killed a two-headed ogre
 12331 | D:12     | Reached skill level 10 in Armour
 12367 | D:12     | Received a gift from Trog
 12368 | D:12     | Found the +10 morningstar "Eos" {elec, Halo rElec}
 12403 | D:13     | Gained mutation: You have razor-sharp toenails. [demonic ancestry]
 12403 | D:13     | Reached XP level 13. HP: 80/102 MP: 10/13
 12866 | Lair:1   | Entered Level 1 of the Lair of Beasts
 13945 | Lair:2   | Reached ****** piety under Trog
 14495 | Lair:2   | Reached skill level 13 in Maces & Flails
 14544 | Lair:2   | Found a staircase to the Shoals.
 14839 | Lair:3   | Received a gift from Trog
 15288 | Lair:3   | Found a hole to the Spider Nest.
 17155 | Lair:5   | Reached XP level 14. HP: 106/112 MP: 12/14
 17601 | Lair:6   | Entered Level 6 of the Lair of Beasts
 17724 | Lair:6   | Found a dark tunnel.
 17767 | Volcano  | Entered a volcano
 17805 | Volcano  | Found a radiant altar of Vehumet.
 17811 | Volcano  | Reached skill level 14 in Maces & Flails
 18067 | Lair:6   | Found a viscous altar of Jiyva.
 18067 | Lair:6   | Found a staircase to the Slime Pits.
 18339 | Lair:6   | Got a vibrating platinum amulet
 18358 | Lair:6   | Identified the amulet of Aleliute {Faith *Slow +Inv rElec Str+3} (You found it on level 6 of the Lair of Beasts)
 19400 | Orc:1    | Entered Level 1 of the Orcish Mines
 19568 | Orc:1    | Received a gift from Trog
 19972 | Orc:1    | Found a roughly hewn altar of Beogh.
 20329 | Orc:2    | Entered Level 2 of the Orcish Mines
 20442 | Orc:2    | Found a staircase to the Elven Halls.
 20537 | Orc:2    | Gained mutation: Your magical and physical power is slightly enhanced at high health. [demonic ancestry]
 20537 | Orc:2    | Reached XP level 15. HP: 107/122 MP: 15/15
 20554 | Orc:2    | Received a gift from Trog
 20557 | Orc:2    | Reached skill level 15 in Maces & Flails
 20584 | Orc:2    | Slain by a two-headed ogre

Vault maps used:
D:1:      eino_arrival_water_cross
D:2:      nicolae_overflow_hidden_temple
D:3:      first_ration, minmay_door_square
D:4:      cheibrodos_quashed, zin_academy, serial_shops, shop
D:5:      minmay_temple_entry_glassed_door, serial_shops, shop,
          kennysheep_generic_room_5
D:6:      grunt_decor_clamped, uniq_crazy_yiuf_cottage, uniq_sigmund
D:7:      minmay_cornered_nines, bloody_trog, lemuel_crystal_altar,
          enter_bailey_8, uniq_joseph
D:8:      kiku_gazebo_pond_becter, basic_altar
D:9:      grunt_temple_overflow_open,
          chequers_temple_overflow_statue_of_worship,
          due_lair_maze_entry_diamond, uniq_maurice
D:10:     basic_altar, uniq_urug
D:11:     erik_orc_4
D:12:     the_bakery
D:13:     david_vaults_3
Lair:1:   serial_bayou_shore_a
Lair:2:   minmay_shoals_entry_lonely_mermaid, bh_autumn_forest_stairs,
          grunt_megastairs_3, lemuel_fruit_tree
Lair:3:   wad_woods_04, spider_nest_entry_rubble
Lair:5:   minmay_lindwurm_lava
Lair:6:   gammafunk_lair_ancient_temple, slime_altar_1,
          nicolae_volcano_entry_lava_flow
Orc:1:    basic_altar
Orc:2:    st_orc_ogre_mass, basic_altar
Bailey:   bailey_axe_1, bailey
Volcano:  kennysheep_volcano_temple

Skill      XL: |  1  2  3  4  5  6  7  8  9 10 11 12 13 14 15 |
---------------+----------------------------------------------+-----
Maces & Flails | 3 4 5 7 9 10 11 12 13 14 15 | 15.2
Dodging        | 2 3 4 |  4.8
Armour         | 2 3 4 5 6 7 8 10 11 | 11.8
Fighting       | 4 5 6 7 8 10 11 12 | 12.6
Stealth        | 1 2 3 |  3.0
Shields        | 1 2 4 5 6 7 8 9 |  9.7
Throwing       | 2 |  2.5

Action                   |  1- 3 |  4- 6 |  7- 9 | 10-12 | 13-15 || total
-------------------------+-------+-------+-------+-------+-------++-------
Melee: Mace              |   127 |   209 |   151 |       |       ||   487
       Kick              |       |    41 |   203 |   534 |   253 ||  1031
       Whip              |       |       |   363 |  1065 |       ||  1428
       Morningstar       |       |       |       |     2 |   634 ||   636
       Demon whip        |       |       |       |       |    53 ||    53
Throw: Javelin           |       |       |     5 |       |       ||     5
       Tomahawk          |       |       |    17 |       |       ||    17
Invok: Berserk           |     3 |     4 |     3 |     6 |     6 ||    22
       Burn Spellbooks   |       |       |     1 |     1 |     4 ||     6
       Brothers in Arms  |       |       |     1 |       |       ||     1
       Trog's Hand       |       |       |       |       |     1 ||     1
Evoke: Box of beasts     |       |       |       |       |     1 ||     1
       Sack of spiders   |       |       |       |       |     1 ||     1
  Use: Scroll            |       |       |     7 |     5 |     9 ||    21
       Potion            |       |       |       |     2 |    10 ||    12
 Stab: Sleeping          |     5 |     4 |       |       |       ||     9
       Distracted        |     1 |       |     2 |       |       ||     3
  Eat: Chunk             |     4 |     9 |    11 |    15 |    19 ||    58
       Ration            |       |     1 |     1 |     3 |     4 ||     9
Armor: Animal skin       |    27 |       |       |       |       ||    27
       Scale mail        |    11 |    97 |     4 |       |       ||   112
       Plate armour      |       |       |   261 |   427 |   398 ||  1086
Dodge: Dodged            |   123 |    96 |   191 |   252 |   280 ||   942
Block: Buckler           |       |    28 |   121 |   211 |   277 ||   637

Table legend:
 A = Spawn XP
 B = Non-spawn XP
 C = Spawn XP percentage of total XP
 D = Spawn monster count
 E = Non-spawn monster count
 F = Spawn count percentage of total count
 G = Total turns spent on level
                    A         B        C        D         E        F      G
               +---------+---------+-------+---------+---------+-------+---------
         Total |       0 |  112214 |   0.0 |       0 |     695 |   0.0 | 20584
               +---------+---------+-------+---------+---------+-------+---------
           D:1 |       0 |      27 |   0.0 |       0 |      16 |   0.0 |  1046
           D:2 |       0 |     107 |   0.0 |       0 |      25 |   0.0 |   940
           D:3 |       0 |     143 |   0.0 |       0 |      29 |   0.0 |   733
           D:4 |       0 |     404 |   0.0 |       0 |      20 |   0.0 |   950
           D:5 |       0 |     594 |   0.0 |       0 |      22 |   0.0 |  1140
           D:6 |       0 |    1031 |   0.0 |       0 |      23 |   0.0 |  1110
           D:7 |       0 |    1595 |   0.0 |       0 |      27 |   0.0 |   889
           D:8 |       0 |    1441 |   0.0 |       0 |      14 |   0.0 |   837
           D:9 |       0 |    5869 |   0.0 |       0 |      37 |   0.0 |  1088
          D:10 |       0 |    8879 |   0.0 |       0 |      79 |   0.0 |  1219
          D:11 |       0 |    3967 |   0.0 |       0 |      30 |   0.0 |   952
          D:12 |       0 |   15034 |   0.0 |       0 |      61 |   0.0 |  1597
          D:13 |       0 |     941 |   0.0 |       0 |       3 |   0.0 |   222
        Lair:1 |       0 |    5331 |   0.0 |       0 |      28 |   0.0 |  1099
        Lair:2 |       0 |    6717 |   0.0 |       0 |      31 |   0.0 |   924
        Lair:3 |       0 |    5742 |   0.0 |       0 |      23 |   0.0 |   872
        Lair:4 |       0 |    3964 |   0.0 |       0 |       9 |   0.0 |  1057
        Lair:5 |       0 |    4907 |   0.0 |       0 |      13 |   0.0 |   896
        Lair:6 |       0 |   23506 |   0.0 |       0 |      69 |   0.0 |  1414
         Orc:1 |       0 |    5608 |   0.0 |       0 |      48 |   0.0 |   798
         Orc:2 |       0 |   12772 |   0.0 |       0 |      47 |   0.0 |   255
        Bailey |       0 |    1208 |   0.0 |       0 |      33 |   0.0 |   318
       Volcano |       0 |    2427 |   0.0 |       0 |       8 |   0.0 |   228
               +---------+---------+-------+---------+---------+-------+---------
